 Dungeon Crawl Stone Soup version 0.26-a0-648-g87339cca5e (webtiles) character file.

Game seed: 10728925506201805721

156 DogServant the Grave Robber (level 5, -5/44 HPs)
             Began as a Deep Dwarf Necromancer on Sept 25, 2020.
             Was an Initiate of Makhleb.
             Slain by a purple very ugly thing (19 damage)
             ... on level 5 of the Abyss.
             The game lasted 00:16:34 (3408 turns).

DogServant the Grave Robber (DDNe)                  Turns: 3408, Time: 00:16:35

Health: -5/44      AC:  3    Str: 12    XL:     5   Next: 15%
Magic:  7/7        EV: 12    Int: 15    God:    Makhleb [......]
Gold:   155        SH:  0    Dex: 14    Spells: 2/7 levels left

rFire    . . .     SeeInvis .   b - +1 hunting sling
rCold    . . .     Faith    .   (no shield)
rNeg     . . .     Spirit   .   a - +0 robe
rPois    .         Reflect  .   (no helmet)
rElec    .         Harm     .   (no cloak)
rCorr    .         Rampage  .   n - +0 pair of gloves
MR       .....                  (no boots)
Stlth    ++........             (no amulet)
HPRegen  0.00/turn              (no ring)
MPRegen  0.10/turn              (no ring)

@: non-regenerating
A: damage resistance, heal wounds, sense surroundings 1, no regeneration
a: Heal Wounds, Renounce Religion


You were on level 5 of the Abyss.
You worshipped Makhleb.
Makhleb was noncommittal.
You visited 1 branch of the dungeon, and saw 3 of its levels.
You visited the Abyss 1 time.

You collected 155 gold pieces.

Inventory:

Hand Weapons
 b - a +1 hunting sling (weapon)
 c - a +2 dagger of distortion
Missiles
 e - 31 bolts
 f - 79 stones
 g - 7 sling bullets
 o - 2 poisoned darts
 w - 3 boomerangs of dispersal (quivered)
Armour
 a - a +0 robe (worn)
 n - a +0 pair of gloves (worn)
 q - a +0 leather armour
Wands
 p - a wand of paralysis (10)
 s - a wand of acid (9)
 v - a wand of flame (10)
Scrolls
 d - a scroll of magic mapping
Potions
 h - a potion of flight
 i - a potion of brilliance
 j - a potion of degeneration
 k - a potion of might
 l - a potion of heal wounds
 m - a potion of haste {unknown}
 r - a potion of ambrosia {unknown}
 t - a potion of cancellation {unknown}


   Skills:
 + Level 1.0 Fighting
 + Level 3.5 Slings
 - Level 2.1 Dodging
 - Level 2.4 Stealth
 - Level 1.7 Spellcasting
 + Level 5.8 Necromancy


You had 2 spell levels left.
You knew the following spells:

 Your Spells              Type           Power        Failure   Level
a - Pain                  Necr           ###.         2%          1
b - Animate Skeleton      Necr           ###...       2%          1
c - Vampiric Draining     Necr           ###.......   6%          3

Your spell library contained the following spells:

 Spells                   Type           Power        Failure   Level
 Animate Dead             Necr           ###.......   22%         4
 Agony                    Necr           ###.....     52%         5


Dungeon Overview and Level Annotations

Branches:
Dungeon (3/15)

Altars:
Makhleb

Annotations:
D:2 Robin


Innate Abilities, Weirdness & Mutations

You are resistant to damage.
You can heal yourself by infusing magical energy.
You passively map a small area around you.
You do not regenerate.


Message History

The raiju bursts into living lightning!
The living lightning misses you.
The raiju blinks!
A spatial vortex comes into view.
The raiju bites you. The raiju shocks you!
The spatial vortex moves out of view.
The raiju barks!
The purple very ugly thing bites you.
The purple very ugly thing closely misses you.
The purple very ugly thing closely misses you.
A large abomination and a lich come into view.
The lich shouts!
The lich casts a spell.
The lich seems to speed up.
Okay, then.
As you read the scroll labeled GOURCH GUSKEPPA, it crumbles to dust.
It is a scroll of amnesia.
Really abort (and waste the scroll)?
Okay, then.
The lich touches you! The purple very ugly thing bites you!!
You die...

..
#..##..###..#.
. .## (. ...#
.W. ########u#
.# ###.
#...G.#
#....#..###.#
#...#.# #..
###.h## .##
###u## . ##@#
.# #...LX# .
##...## ##.#
.. ... ...
.#..


You could see a purple very ugly thing, a lich (fast), a large abomination and a
raiju (summoned).

Vanquished Creatures
  An orc priest (D:3)
  4 adders
  2 worms (D:2)
  A dart slug (D:3)
  A leopard gecko (D:3)
  5 orcs (D:3)
  A ball python (D:1)
  14 bats
  2 giant cockroaches (D:1)
  11 goblins
  10 hobgoblins
  4 jackals (D:2)
  2 frilled lizards
  10 kobolds
  7 rats
75 creatures vanquished.

Vanquished Creatures (others)
  4 starspawn tentacles (Abyss:3)
4 creatures vanquished.

Grand Total: 79 creatures vanquished

Notes
Turn   | Place    | Note
-------+----------+-------------------------------------------
     0 | D:1      | DogServant the Deep Dwarf Necromancer began the quest for
                  | the Orb.
     0 | D:1      | Reached XP level 1. HP: 15/15 MP: 3/3
   216 | D:1      | Reached XP level 2. HP: 20/24 MP: 4/4
   230 | D:1      | Reached skill level 1 in Slings
   323 | D:1      | Reached skill level 1 in Fighting
   326 | D:1      | Learned a level 1 spell: Animate Skeleton
   586 | D:1      | Reached XP level 3. HP: 25/31 MP: 5/5
   678 | D:1      | Learned a level 3 spell: Vampiric Draining
   826 | D:2      | Reached skill level 5 in Necromancy
  1213 | D:2      | Reached XP level 4. HP: 33/38 MP: 6/6
  1706 | D:2      | Found a burning altar of Makhleb.
  1881 | D:2      | Became a worshipper of Makhleb the Destroyer
  1929 | D:2      | Noticed Robin
  2406 | D:3      | Found a faded altar of an unknown god.
  2775 | D:3      | Reached XP level 5. HP: 20/44 MP: 0/7
  3179 | D:3      | Cast into level 2 of the Abyss (unwielding a weapon of
                  | distortion)
  3200 | Abyss:2  | Noticed a large abomination
  3249 | Abyss:3  | Noticed a large abomination
  3250 | Abyss:3  | Noticed a large abomination
  3254 | Abyss:3  | Noticed a tentacled starspawn
  3278 | Abyss:4  | Noticed a glowing orange brain
  3297 | Abyss:4  | Noticed an orange crystal statue
  3322 | Abyss:4  | Noticed a freezing wraith
  3328 | Abyss:4  | Noticed a ynoxinul
  3329 | Abyss:4  | Noticed an efreet
  3329 | Abyss:4  | Noticed an ancient zyme
  3337 | Abyss:5  | Entered Level 5 of the Abyss
  3337 | Abyss:5  | Found a corrupted altar of Lugonu.
  3354 | Abyss:5  | Noticed a purple very ugly thing
  3354 | Abyss:5  | Noticed a purple ugly thing
  3354 | Abyss:5  | Noticed a purple very ugly thing
  3354 | Abyss:5  | Noticed a purple very ugly thing
  3362 | Abyss:5  | Noticed a small abomination
  3390 | Abyss:5  | Noticed a glowing orange brain
  3391 | Abyss:5  | Noticed a large abomination
  3392 | Abyss:5  | Noticed a wraith
  3394 | Abyss:5  | Found a corrupted altar of Lugonu.
  3396 | Abyss:5  | Noticed a raiju
  3396 | Abyss:5  | Noticed a raiju
  3396 | Abyss:5  | Noticed a raiju
  3396 | Abyss:5  | Noticed a flayed ghost
  3396 | Abyss:5  | Noticed a spatial vortex
  3397 | Abyss:5  | Noticed a spatial vortex
  3407 | Abyss:5  | Noticed a large abomination
  3407 | Abyss:5  | Noticed a lich
  3408 | Abyss:5  | Slain by a purple very ugly thing

Illustrated notes

Levels and vault maps discovered:
D:1:      dpeg_arrival_ternary, layout_rooms, corexii_hall_statues_l
D:2:      layout_loops_ring, lightli_temple_of_fire, uniq_robin
D:3:      layout_basic, chequers_ecumenical_altar_simple
Abyss:5:  base: D:3, minivault_19, hangedman_decor_peaks_small,
          evilmike_abyss_exit_12

Skill      XL: |  1  2  3  4 |
---------------+-------------+-----
Slings         | 1 2 3 |  3.5
Fighting       | 1 |  1.0
Necromancy     | 5 |  5.8
Dodging        | |  2.1
Stealth        | |  2.4
Spellcasting   | |  1.7

Action                   |  1- 3 |  4- 6 || total
-------------------------+-------+-------++-------
Melee: Unarmed           |    36 |       ||    36
       Dagger            |       |     8 ||     8
 Fire: Hunting sling     |   109 |    95 ||   204
Throw: Boomerang         |       |     5 ||     5
 Cast: Pain              |     7 |     1 ||     8
       Vampiric Draining |     2 |    16 ||    18
 Abil: Heal Wounds       |       |     1 ||     1
  Use: Scroll            |       |     9 ||     9
       Potion            |       |     1 ||     1
 Stab: Sleeping          |     1 |       ||     1
Armor: Robe              |    31 |     7 ||    38
Dodge: Dodged            |    55 |    58 ||   113

Table legend: (Time is in decaauts)
 A = Elapsed time spent in this place.
 B = Non-inter-level travel time spent in this place.
 C = Inter-level travel time spent in this place.
 D = Time resting spent in this place.
 E = Time spent auto-exploring this place.
 F = Levels seen in this place.
 G = Mean time per level.
                   A        B        C        D        E       F      G
               +--------+--------+--------+--------+--------+-----+--------+
         Total |   3425 |   3294 |    131 |    666 |   1556 |   7 |  489.3 |
       Dungeon |   3197 |   3066 |    131 |    666 |   1498 |   3 | 1065.7 |
         Abyss |    228 |    228 |      0 |      0 |     58 |   4 |   57.0 |
               +--------+--------+--------+--------+--------+-----+--------+

Top non-repeatable levels by time:
     D:2: 1522 daAuts
     D:3: 967 daAuts
     D:1: 707 daAuts
 Abyss:5: 70 daAuts
 Abyss:3: 64 daAuts
 Abyss:4: 63 daAuts
 Abyss:2: 29 daAuts
